 Dungeon Crawl Stone Soup version 0.25.0-1-g7eea58d (webtiles) character file.

Game seed: 595832442580781083

119316 Dorkslayer the Severer (level 16, -2/151 HPs)
             Began as a Hill Orc Fighter on June 16, 2020.
             Was the Champion of Okawaru.
             Drowned by a water nymph (11 damage)
             ... on level 1 of the Shoals on June 17, 2020.
             The game lasted 02:06:15 (20349 turns).

Dorkslayer the Severer (Hill Orc Fighter)          Turns: 20349, Time: 02:06:15

Health: -2/151     AC: 28    Str: 34    XL:     16   Next: 79%
Magic:  26/26      EV:  9    Int:  8    God:    Okawaru [******]
Gold:   1764       SH: 14    Dex: 19    Spells: 15/15 levels left

rFire    + + +     SeeInvis .   g - +2 broad axe "Gixef" {speed, rF++}
rCold    + + +     Gourm    .   U - +0 kite shield {rPois}
rNeg     + + +     Faith    .   F - +2 plate armour {MR+}
rPois    +         Spirit   .   h - +1 helmet "Rueckolu" {rElec}
rElec    +         Reflect  .   a - scarf {repulsion}
rCorr    .         Harm     .   P - +2 pair of gloves {Dex+3}
MR       .....                  z - +0 pair of boots of the Dungeon {rElec MR- Str+4}
Stlth    ..........             C - amulet of the Serpent {Acrobat +Fly}
HPRegen  0.75/turn              M - +6 ring of strength
MPRegen  0.20/turn              Q - ring of Nese {*Drain rC+++ rN+++ MR- AC+4 Dex+4}

@: glowing, repel missiles, very slow
A: blink, fire resistance 1, regeneration 1, shaggy fur 1
a: Blink, Heroism, Finesse, Renounce Religion, Evoke Flight


You were on level 1 of the Shoals.
You worshipped Okawaru.
Okawaru was exalted by your worship.
You were not hungry.

You visited 4 branches of the dungeon, and saw 24 of its levels.
You also visited: Gauntlet and Volcano.

You collected 3057 gold pieces.
You spent 1293 gold pieces at shops.

Inventory:

Hand Weapons
 g - the +2 broad axe "Gixef" (weapon) {speed, rF++}
   (Okawaru gifted it to you on level 9 of the Dungeon)

   Attacks with this weapon are significantly faster.
   It greatly protects you from fire.
 m - a +1 broad axe
 p - a +3 hand axe of flaming
Missiles
 w - 22 atropa-tipped darts
 x - 11 javelins
 A - 13 silver boomerangs
 K - 20 silver javelins
 N - 39 boomerangs (quivered)
 Y - 2 throwing nets
 Z - 6 curare-tipped darts
Armour
 a - a scarf of repulsion (worn)
 h - the +1 helmet "Rueckolu" (worn) {rElec}
   (Okawaru gifted it to you on level 11 of the Dungeon)

   It insulates you from electricity.
 z - the +0 pair of boots of the Dungeon (worn) {rElec MR- Str+4}
   (You found it in a Gauntlet)

   It affects your strength (+4).
   It insulates you from electricity.
   It affects your resistance to hostile enchantments.
 F - a +2 plate armour of magic resistance (worn)
 P - a +2 pair of gloves of dexterity (worn)
 U - a +0 kite shield of poison resistance (worn)
Jewellery
 C - the amulet of the Serpent (around neck) {Acrobat +Fly}
   (You took it off a minotaur in a Gauntlet)

   [amulet of the acrobat]

   It helps you evade while moving and waiting.
   It lets you fly.
 E - an uncursed amulet of reflection
 M - a +6 ring of strength (left hand)
 Q - the ring of Nese (right hand) {*Drain rC+++ rN+++ MR- AC+4 Dex+4}
   (You bought it in a shop on level 2 of the Orcish Mines)

   [ring of protection]

   It affects your AC (+4).
   It affects your dexterity (+4).
   It renders you almost immune to cold.
   It renders you almost immune to negative energy.
   It affects your resistance to hostile enchantments.
   It causes draining when unequipped.
 T - an uncursed ring of see invisible
Wands
 d - a wand of paralysis (2)
 j - a wand of acid (9)
 r - a wand of polymorph (15)
 u - a wand of iceblast (14)
 D - a wand of digging (6)
 G - a wand of enslavement (45)
 O - a wand of disintegration (6)
 R - a wand of flame (30)
Scrolls
 q - 3 scrolls of fear
 s - 4 scrolls of enchant weapon
 t - a scroll of identify
 v - a scroll of blinking
 y - 4 scrolls of magic mapping
 B - 8 scrolls of remove curse
 I - 3 scrolls of immolation
 V - 4 scrolls of fog
 X - 4 scrolls of teleportation
Potions
 b - 3 potions of stabbing
 c - 4 potions of might
 i - 4 potions of curing
 k - 3 potions of berserk rage {unknown}
 l - 2 potions of brilliance
 o - 4 potions of flight
 H - 2 potions of haste
 L - a potion of ambrosia
 S - 5 potions of magic
Miscellaneous
 e - a phial of floods
 W - a lightning rod (3/4)
Comestibles
 f - 40 rations
 n - 13 chunks of flesh


   Skills:
 * Level 16.1 Fighting
 + Level 18.4 Axes
 + Level 6.1 Throwing
 + Level 9.8 Armour
 + Level 2.1 Dodging
 + Level 2.8 Stealth
 + Level 11.2 Shields
 * Level 14.1 Invocations
 * Level 11.3 Evocations


You had 15 spell levels left.
You didn't know any spells.
Your spell library contained the following spells:

 Spells                   Type           Power        Failure   Level  Hunger
 Animate Skeleton         Necr           N/A          99%         1    ##.....
 Apportation              Tloc           #.....       99%         1    ##.....
 Corona                   Hex            #......      99%         1    ##.....
 Freeze                   Ice            #...         99%         1    ##.....
 Infusion                 Chrm           #...         99%         1    ##.....
 Summon Small Mammal      Summ           #...         99%         1    ##.....
 Ensorcelled Hibernation  Hex/Ice        #.....       99%         2    ###....
 Shroud of Golubria       Chrm/Tloc      #.....       99%         2    ###....
 Song of Slaying          Chrm           #.......     99%         2    ###....
 Sublimation of Blood     Necr           #.........   99%         2    ###....
 Confusing Touch          Hex            #.......     100%        3    ####...
 Dazzling Flash           Conj/Hex       #.....       100%        3    ####...
 Frozen Ramparts          Ice            #.....       100%        3    ####...
 Gell's Gravitas          Tloc           #.........   100%        3    ####...
 Ignite Poison            Fire/Tmut/Pois #.......     100%        3    ####...
 Ozocubu's Armour         Chrm/Ice       #.......     100%        3    ####...
 Portal Projectile        Hex/Tloc       #.....       100%        3    ####...
 Spectral Weapon          Hex/Chrm       #.......     100%        3    ####...
 Tukima's Dance           Hex            #.......     100%        3    ####...
 Dispel Undead            Necr           #.......     100%        4    #####..
 Hailstorm                Conj/Ice       #.......     100%        4    #####..
 Petrify                  Tmut/Erth      #.......     100%        4    #####..
 Summon Ice Beast         Ice/Summ       #.......     100%        4    #####..
 Agony                    Necr           #.......     100%        5    ######.
 Alistair's Intoxication  Tmut/Pois      #.......     100%        5    ######.
 Irradiate                Conj/Tmut      #.........   100%        5    ######.
 Metabolic Englaciation   Hex/Ice        #.........   100%        5    ######.
 Yara's Violent Unravell  Hex/Tmut       #.........   100%        5    ######.
 Dispersal                Tloc           #.........   100%        6    #######
 Eringya's Noxious Bog    Tmut/Pois      #.........   100%        6    #######
 Ring of Flames           Chrm/Fire      #.........   100%        7    #######
 Controlled Blink         Tloc           N/A          100%        8    #######
 Disjunction              Tloc           #.........   100%        8    #######


Dungeon Overview and Level Annotations

Branches:
Dungeon (15/15)            Temple (0/1) D:5            Lair (6/6) D:9
 Shoals (1/4) Lair:3       Spider (0/4) Lair:3        Slime (0/5) Lair:5
    Orc (2/2) D:12            Elf (0/3) Orc:2        Vaults (0/5) D:14
 Depths (0/5) D:15        Volcano (visited)         Gauntlet (visited)

Altars:
Ashenzari
Cheibriados
Dithmenos
Elyvilon
Hepliaklqana
Kikubaaqudgha
Nemelex Xobeh
Okawaru
Trog
Xom
Jiyva

Shops:
D:6 =   D:7 =   D:13 [   D:15 *   Orc:2 **=%


Innate Abilities, Weirdness & Mutations

You can translocate small distances at will.
Your flesh is heat resistant. (rF+)
Your natural rate of healing is unusually fast.
You are covered in fur. (AC +1)


Message History

You feel better.
You float gracefully downwards.
The water nymph touches you. The water nymph drowns you!
* * * LOW HITPOINT WARNING * * *
Splash!
You fall into the shallow water.
Moving in this stuff is going to be slow.
The faun splashes around in the water.
You fail to use your ability.
The faun hits you from afar with a +0 spear.
* * * LOW HITPOINT WARNING * * *
You block the water nymph's attack.
You slice the water nymph!!
The water nymph is almost dead.
You barely miss the water nymph.
The water nymph is almost dead.
You barely miss the water nymph.
The water nymph is almost dead.
The faun splashes around in the water.
The water nymph touches you. The water nymph drowns you!
You die...

≈.##..........(.P......P.≈..
≈.##..........((..P..≈...P..
............##...(≈≈≈P..⌠.≈≈
≈≈≈≈≈.......#...P≈((...P.P..
≈≈))≈≈..........(≈(P(.......
≈≈≈≈≈≈≈≈.......))(.(........
≈≈≈≈≈≈≈≈.≈≈.##c(##(..#...#..
≈≈≈≈≈≈≈≈..≈.#.≈m##..##..##
≈≈≈≈≈≈≈≈......(≈@.........
≈≈≈≈≈≈≈≈≈...≈(≈≈≈≈≈≈≈≈≈≈≈≈≈
≈≈≈≈≈≈≈≈≈≈≈≈≈≈≈≈≈≈≈≈≈≈≈.≈≈≈≈
≈≈≈≈≈≈≈≈≈≈........≈≈≈≈≈≈≈≈≈≈
.(..(.....≈≈≈≈≈≈≈
..........≈≈≈≈≈≈
...........≈≈≈≈≈
....###.....≈≈≈≈


You could see a faun and a water nymph.

Vanquished Creatures
  A minotaur (Gauntlet)
  6 dire elephants (Lair:6)
  2 crystal guardians (D:14)
  An ogre mage (D:15)
  A yaktaur captain (D:15)
  Harold (Lair:2)
  A rakshasa (D:15)
  8 vault guards (D:14)
  10 hydras
  An anaconda (Lair:6)
  5 centaur warriors
  2 satyrs (Shoals:1)
  10 two-headed ogres
  A catoblepas (Lair:2)
  A dancing weapon (Lair:1)
  10 death yaks (Lair:6)
  6 orc high priests (Orc:2)
  The ghost of avis the Transmogrifier, a journeyman VSTm of Okawaru (Lair:1)
  3 unseen horrors
  A wizard (D:15)
  A death drake (Gauntlet)
  An orange crystal statue (D:14)
  2 spectral wolf spiders (Gauntlet)
  6 orc knights
  8 harpies (Shoals:1)
  A wolf spider zombie (D:12)
  A shining eye (D:11)
  2 oklob plants
  An orc sorcerer (Orc:1)
  3 fauns (Shoals:1)
  A deep elf mage (D:14)
  10 ugly things
  4 elephants (Lair:6)
  A merfolk siren (Shoals:1)
  6 cyclopes
  A manticore (D:11)
  7 black mambas
  An ice statue (Gauntlet)
  3 gargoyles (Volcano)
  A molten gargoyle (Volcano)
  16 spiny frogs
  A torpor snail (Lair:6)
  3 rime drakes
  A kobold demonologist (D:15)
  A freezing wraith (D:14)
  11 komodo dragons
  9 trolls
  2 hornets
  A merfolk (Shoals:1)
  4 polar bears
  The ghost of Buxparty the Ducker, an amateur DsGl (D:4)
  18 blink frogs
  3 slime creatures (D:11)
  9 hippogriffs
  A snapping turtle (Shoals:1)
  11 dream sheep
  A shadow (D:14)
  Sigmund (D:5)
  4 wyverns
  A tarantella (shapeshifter) (D:14)
  A wraith (D:15)
  30 yaks
  A vampire (D:14)
  3 basilisks
  A human (D:7)
  2 hungry ghosts
  4 hogs (D:7)
  Grum (D:9)
  12 vampire mosquitoes
  3 wargs
  3 swamp worms (Gauntlet)
  An acid dragon (D:13)
  Menkaure (D:7)
  14 water moccasins
  14 porcupines
  38 orc warriors
  2 hornet zombies
  An ice beast (D:15)
  3 eyes of draining
  2 necrophages (D:9)
  A black bear (D:10)
  8 sky beasts
  6 ogres
  2 phantoms
  7 centaurs
  11 wolves
  11 crocodiles
  3 big kobolds
  16 bullfrogs
  Blork the orc (D:5)
  2 wyvern skeletons
  8 scorpions
  10 killer bees
  14 wights
  A howler monkey (D:4)
  2 electric eels (D:14)
  11 crimson imps
  3 bullfrog zombies
  5 jellies
  5 centaur zombies
  5 hounds
  2 centaur skeletons
  40 orc priests
  4 bullfrog skeletons
  A gnoll shaman (D:6)
  21 orc wizards
  Crazy Yiuf (D:5)
  3 iguanas
  8 worker ants
  3 hound zombies
  A howler monkey zombie (D:7)
  A mummy (D:9)
  A worker ant zombie (D:6)
  7 gnolls
  11 adders
  5 shadow imps
  An adder zombie (D:8)
  An adder skeleton (D:5)
  2 worms (D:2)
  3 dart slugs
  5 leopard geckos
  86 orcs
  A ball python (D:3)
  7 giant cockroaches
  6 goblins
  12 hobgoblins
  13 jackals
  5 quokkas
  8 bats
  3 frilled lizards (D:4)
  20 kobolds
  2 leopard gecko skeletons (D:4)
  2 quokka skeletons (D:4)
  8 rats
  17 fungi
  18 plants
  A withered plant (Gauntlet)
831 creatures vanquished.

Vanquished Creatures (collateral kills)
  2 yaks (D:11)
  An orc warrior (Orc:2)
  An orc priest (Orc:2)
  5 orcs
9 creatures vanquished.

Vanquished Creatures (others)
  An unseen horror (D:11)
  A yak (D:11)
  An ogre (Orc:2)
  A killer bee (D:8)
  2 orcs
  A bush (D:5)
  12 fungi
  7 plants
26 creatures vanquished.

Grand Total: 866 creatures vanquished

Notes
Turn   | Place    | Note
-------+----------+-------------------------------------------
     0 | D:1      | Dorkslayer the Hill Orc Fighter began the quest for the
                  | Orb.
     0 | D:1      | Reached XP level 1. HP: 19/19 MP: 1/1
   165 | D:1      | Reached XP level 2. HP: 24/27 MP: 2/2
   180 | D:1      | Reached skill level 3 in Axes
   590 | D:1      | Reached XP level 3. HP: 29/33 MP: 3/3
   820 | D:2      | Found a shattered altar of Ashenzari.
   820 | D:2      | Found an iron altar of Okawaru.
   831 | D:2      | Became a worshipper of Warmaster Okawaru
   930 | D:2      | Found a shadowy altar of Dithmenos.
   930 | D:2      | Found a hazy altar of Hepliaklqana.
   934 | D:2      | Noticed a shadow
  1162 | D:2      | Reached XP level 4. HP: 41/41 MP: 4/4
  1551 | D:3      | Found a white marble altar of Elyvilon.
  1678 | D:3      | Reached skill level 4 in Axes
  1712 | D:3      | Reached skill level 1 in Invocations
  1712 | D:3      | Reached XP level 5. HP: 40/47 MP: 5/5
  1972 | D:4      | Reached * piety under Okawaru
  1972 | D:4      | Reached skill level 1 in Evocations
  2071 | D:4      | Reached XP level 6. HP: 38/53 MP: 7/7
  2250 | D:4      | Reached skill level 5 in Axes
  2326 | D:4      | Found a runed translucent gate.
  2326 | D:4      | Found a runed translucent gate.
  2326 | D:4      | Found a runed translucent gate.
  2327 | D:4      | Noticed Buxparty's ghost (amateur DsGl)
  2351 | D:4      | Killed Buxparty's ghost
  2351 | D:4      | Reached ** piety under Okawaru
  2351 | D:4      | Reached skill level 1 in Throwing
  2351 | D:4      | Reached XP level 7. HP: 56/60 MP: 9/9
  2533 | D:5      | Entered Level 5 of the Dungeon
  2639 | D:5      | Reached skill level 5 in Fighting
  2762 | D:5      | Noticed Blork the orc
  2773 | D:5      | Killed Blork the orc
  2817 | D:5      | Found a shimmering altar of Xom.
  2879 | D:5      | Reached skill level 6 in Axes
  3058 | D:5      | Reached skill level 1 in Stealth
  3067 | D:5      | Reached *** piety under Okawaru
  3067 | D:5      | Reached XP level 8. HP: 68/70 MP: 10/10
  3099 | D:5      | Found a staircase to the Ecumenical Temple.
  3142 | D:5      | Noticed Sigmund
  3157 | D:5      | Killed Sigmund
  3404 | D:5      | Found a runed translucent door.
  3405 | D:5      | Noticed Crazy Yiuf
  3420 | D:5      | Killed Crazy Yiuf
  3532 | D:6      | Reached skill level 5 in Shields
  3550 | D:6      | Reached skill level 7 in Axes
  3550 | D:6      | Reached skill level 1 in Dodging
  3677 | D:6      | Noticed a troll
  3694 | D:6      | Killed a troll
  3694 | D:6      | Reached **** piety under Okawaru
  3734 | D:6      | Reached XP level 9. HP: 53/78 MP: 12/12
  3734 | D:6      | Reached skill level 5 in Armour
  3919 | D:6      | Found Rexicesk's Jewellery Emporium.
  4202 | D:6      | Found a sparkling altar of Nemelex Xobeh.
  4363 | D:7      | Noticed Menkaure
  4369 | D:7      | Killed Menkaure
  4369 | D:7      | Reached skill level 5 in Invocations
  4390 | D:7      | Found Korei's Jewellery Shoppe.
  4476 | D:7      | Reached skill level 8 in Axes
  4528 | D:7      | Reached ***** piety under Okawaru
  4684 | D:7      | Found a shimmering altar of Xom.
  4685 | D:7      | Found a shimmering altar of Xom.
  4685 | D:7      | Found a shimmering altar of Xom.
  4687 | D:7      | Found a shimmering altar of Xom.
  4690 | D:7      | Found a shimmering altar of Xom.
  4690 | D:7      | Found a shimmering altar of Xom.
  4690 | D:7      | Found a shimmering altar of Xom.
  4691 | D:7      | Found a shimmering altar of Xom.
  4691 | D:7      | Found a shimmering altar of Xom.
  4957 | D:7      | Reached skill level 9 in Axes
  4957 | D:7      | Reached skill level 5 in Evocations
  5292 | D:7      | Reached XP level 10. HP: 83/86 MP: 14/14
  6176 | D:9      | Received a gift from Okawaru
  6177 | D:9      | Got a warped broad axe {god gift}
  6179 | D:9      | Identified the +2 broad axe "Gixef" {speed, rF++} (Okawaru
                  | gifted it to you on level 9 of the Dungeon)
  6283 | D:9      | Found a staircase to the Lair.
  6503 | D:9      | Reached skill level 10 in Axes
  6936 | D:9      | Found a snail-covered altar of Cheibriados.
  6946 | D:9      | Noticed Grum
  6965 | D:9      | Killed Grum
  6965 | D:9      | Reached ****** piety under Okawaru
  6965 | D:9      | Received a gift from Okawaru
  6965 | D:9      | Reached XP level 11. HP: 60/95 MP: 16/16
  7094 | D:10     | Entered Level 10 of the Dungeon
  7118 | D:10     | Reached skill level 11 in Axes
  7213 | D:10     | Noticed a two-headed ogre
  7226 | D:10     | Killed a two-headed ogre
  7329 | D:10     | Got a crystal mace
  7417 | D:10     | Killed an unseen horror
  7629 | D:10     | Identified the +5 mace "Dafo Quim" {vorpal, +Blink rC+
                  | Str+3} (You found it on level 10 of the Dungeon)
  7893 | D:11     | Noticed a two-headed ogre
  7911 | D:10     | Killed a two-headed ogre
  8002 | D:11     | Reached skill level 12 in Axes
  8110 | D:11     | Noticed a manticore
  8134 | D:11     | Killed an unseen horror
  8134 | D:11     | Reached skill level 10 in Fighting
  8138 | D:11     | Killed a manticore
  8143 | D:11     | Killed an unseen horror
  8143 | D:11     | Received a gift from Okawaru
  8144 | D:11     | Got an ichor-stained helmet {god gift}
  8155 | D:11     | Identified the +1 helmet "Rueckolu" {rElec} (Okawaru gifted
                  | it to you on level 11 of the Dungeon)
  8200 | D:11     | Noticed a green ugly thing
  8206 | D:11     | Noticed a shining eye
  8206 | D:11     | a slime creature changed into a shining eye
  8294 | D:11     | Gained mutation: Scrolls take you a little longer to read.
                  | [a shining eye]
  8296 | D:11     | Gained mutation: Your body sometimes deteriorates upon
                  | taking damage. [a shining eye]
  8301 | D:11     | Killed a shining eye
  8301 | D:11     | Reached XP level 12. HP: 47/107 MP: 18/18
  8330 | D:11     | Lost mutation: Your body sometimes deteriorates upon taking
                  | damage. [potion of mutation]
  8330 | D:11     | Lost mutation: Scrolls take you a little longer to read.
                  | [potion of mutation]
  8330 | D:11     | Gained mutation: Your spells are a little harder to cast,
                  | but a little more powerful. [potion of mutation]
  8330 | D:11     | Gained mutation: You are clumsy. (Dex -2) [potion of
                  | mutation]
  8330 | D:11     | Gained mutation: Your flesh is heat resistant. (rF+)
                  | [potion of mutation]
  8331 | D:11     | Lost mutation: You are clumsy. (Dex -2) [potion of
                  | mutation]
  8331 | D:11     | Lost mutation: Your spells are a little harder to cast, but
                  | a little more powerful. [potion of mutation]
  8331 | D:11     | Gained mutation: You evolve. [potion of mutation]
  8331 | D:11     | Gained mutation: You are covered in fur. (AC +1) [potion of
                  | mutation]
  8514 | D:12     | Found a staircase to the Orcish Mines.
  8589 | D:12     | Found a bloodstained altar of Trog.
  8749 | D:12     | Reached skill level 13 in Axes
  8888 | D:12     | Noticed a two-headed ogre
  8894 | D:12     | Killed a two-headed ogre
  9125 | D:12     | Received a gift from Okawaru
  9369 | D:12     | Reached skill level 5 in Throwing
  9449 | D:12     | Noticed a two-headed ogre
  9463 | D:12     | Killed a two-headed ogre
  9463 | D:12     | Received a gift from Okawaru
  9463 | D:12     | Reached skill level 10 in Invocations
  9669 | Orc:1    | Entered Level 1 of the Orcish Mines
  9722 | Orc:1    | Gained mutation: Your natural rate of healing is unusually
                  | fast. [evolution]
  9741 | Orc:1    | Noticed a two-headed ogre
  9748 | Orc:1    | Killed a two-headed ogre
  9823 | Orc:1    | Paralysed by an orc sorcerer for 7 turns
 10224 | Orc:2    | Entered Level 2 of the Orcish Mines
 10249 | Orc:2    | Received a gift from Okawaru
 10373 | Orc:2    | Reached XP level 13. HP: 116/116 MP: 20/20
 10400 | Orc:2    | Reached skill level 14 in Axes
 10937 | Orc:2    | Received a gift from Okawaru
 10975 | Orc:2    | Found a staircase to the Elven Halls.
 11361 | Orc:2    | Found Asigrex's General Store.
 11361 | Orc:2    | Found Tisigh's Assorted Antiques.
 11362 | Orc:2    | Found Udoesan's Food Shop.
 11362 | Orc:2    | Found Gekaih's Jewellery Boutique.
 11369 | Orc:2    | Bought a bronze wand for 124 gold pieces
 11369 | Orc:2    | Bought a scroll of identify for 62 gold pieces
 11373 | Orc:2    | Bought a scroll of identify for 34 gold pieces
 11376 | Orc:2    | Bought the ring of Nese {*Drain rC+++ rN+++ MR- AC+4 Dex+4}
                  | for 1073 gold pieces
 11603 | D:13     | Found Codghioq's Armour Emporium.
 11670 | D:13     | Found a gate leading to a gauntlet.
 11679 | Gauntlet | Entered a Gauntlet
 11679 | Gauntlet | Found a transporter.
 11685 | Gauntlet | Found a transporter.
 11685 | Gauntlet | Found a transporter.
 11697 | Gauntlet | Found a transporter.
 11698 | Gauntlet | Found a transporter.
 11705 | Gauntlet | Found a transporter.
 11721 | Gauntlet | Found a transporter.
 11731 | Gauntlet | Found a transporter.
 11738 | Gauntlet | Found a transporter.
 11745 | Gauntlet | Noticed a reaper
 11756 | Gauntlet | Found a transporter.
 11771 | Gauntlet | Found a transporter.
 11771 | Gauntlet | Found a transporter.
 11821 | Gauntlet | Reached skill level 15 in Axes
 11847 | Gauntlet | Found a transporter.
 11937 | Gauntlet | Found a transporter.
 11941 | Gauntlet | Got a pair of brightly glowing boots
 11952 | Gauntlet | Identified the cursed +0 pair of boots of the Dungeon
                  | {rElec MR- Str+4} (You found it in a Gauntlet)
 11973 | Gauntlet | Identified the amulet of the Serpent {Acrobat +Fly}
 11973 | Gauntlet | Noticed a minotaur
 11991 | Gauntlet | Killed a minotaur
 12061 | D:13     | Found an ancient bone altar of Kikubaaqudgha.
 12706 | D:14     | Reached XP level 14. HP: 90/127 MP: 22/22
 12858 | D:14     | Found a runed translucent door.
 13074 | D:14     | Found a gate to the Vaults.
 13091 | D:14     | Received a gift from Okawaru
 13104 | D:14     | Reached skill level 16 in Axes
 13207 | D:14     | Received a gift from Okawaru
 13391 | D:14     | Received a gift from Okawaru
 13623 | D:15     | Entered Level 15 of the Dungeon
 13944 | D:15     | Found a staircase to the Depths.
 14421 | D:15     | Gained mutation: You can translocate small distances at
                  | will. [evolution]
 14421 | D:15     | Lost mutation: You evolve. [end of evolution]
 14599 | D:15     | Reached XP level 15. HP: 135/138 MP: 24/24
 14611 | D:15     | Received a gift from Okawaru
 14613 | D:15     | Got a dazzling war axe {god gift}
 14614 | D:15     | Identified the +6 war axe "Sose Iti" {elec, rF- Int+6}
                  | (Okawaru gifted it to you on level 15 of the Dungeon)
 14633 | D:15     | Found Zuhaykk's Mass Market.
 15003 | Lair:1   | Entered Level 1 of the Lair of Beasts
 15116 | Lair:1   | Reached skill level 17 in Axes
 15421 | Lair:1   | Found a runed translucent door.
 15421 | Lair:1   | Found a shimmering altar of Xom.
 15421 | Lair:1   | Noticed avis's ghost (journeyman VSTm)
 15442 | Lair:1   | Killed avis's ghost
 15442 | Lair:1   | Reached skill level 10 in Evocations
 15639 | Lair:2   | Noticed Harold
 15816 | Lair:2   | Killed Harold
 15895 | Lair:2   | Received a gift from Okawaru
 16769 | Lair:3   | Found a staircase to the Shoals.
 16822 | Lair:3   | Reached skill level 10 in Shields
 17079 | Lair:3   | Found a hole to the Spider Nest.
 18011 | Lair:5   | Reached skill level 18 in Axes
 18049 | Lair:5   | Found a viscous altar of Jiyva.
 18049 | Lair:5   | Found a staircase to the Slime Pits.
 18211 | Lair:5   | Reached XP level 16. HP: 144/147 MP: 26/26
 18408 | Lair:5   | Reached skill level 15 in Fighting
 18678 | Lair:6   | Entered Level 6 of the Lair of Beasts
 18726 | Lair:6   | Received a gift from Okawaru
 18740 | Lair:6   | Found a dark tunnel.
 18747 | Volcano  | Entered a volcano
 18953 | Volcano  | Received a gift from Okawaru
 19281 | Lair:6   | Got a fine helmet
 19292 | Lair:6   | Identified the cursed +0 helmet of Immorality {+Blink rPois
                  | Stlth-} (You found it on level 6 of the Lair of Beasts)
 19384 | Lair:6   | Identified Gedgheqeu's Tome of Boosting Evil
 19551 | Lair:6   | Received a gift from Okawaru
 19672 | Lair:6   | Received a gift from Okawaru
 19994 | Lair:6   | Received a gift from Okawaru
 20138 | Shoals:1 | Entered Level 1 of the Shoals
 20312 | Shoals:1 | Received a gift from Okawaru
 20341 | Shoals:1 | HP: 7/151 [drowned by a water nymph (12)]
 20349 | Shoals:1 | Drowned by a water nymph

Illustrated notes

Levels and vault maps discovered:
D:1:      dpeg_arrival_boxorama, layout_basic, moated_statue
D:2:      layout_loops_ring, gammafunk_temple_overflow_pools,
          riverfiend_overflow_shadow_ancestor
D:3:      layout_rooms, elyvilon_altar_5, first_ration
D:4:      layout_basic, gammafunk_ghost_necromancy
D:5:      layout_loops_ring, kennysheep_little_box,
          minmay_temple_entry_proselytizer, kennysheep_doodads,
          serial_bayou_lagoon_a, lexackson_kobold_supper,
          uniq_crazy_yiuf_cottage, uniq_sigmund, uniq_blork_the_orc
D:6:      layout_gridville, kennysheep_mini, serial_shops, shop_fountains
D:7:      layout_basic, serial_shops, shop, grunt_livestock, xom_shifter_show,
          uniq_menkaure
D:8:      layout_layer_cave
D:9:      layout_loops_ring, slow_altar_1, grunt_lair_entry_orc_guard_hut,
          uniq_grum
D:10:     layout_basic
D:11:     layout_cave_pools, grunt_ministairs_9, st_stairs_11
D:12:     layout_basic, orc_0_dummy, chequers_jeans, trog_ov_bears_minmay
D:13:     layout_irregular_city, serial_shops, shop, serial_column_ruins,
          column_ruins_hut, column_ruins_temple_circle, column_ruins_grid_1,
          column_ruins_open_tiny, column_ruins_grid_1, column_ruins_open_tiny,
          column_ruins_grid_3, gauntlet_entry_generic
D:14:     layout_basic, erik_vaults_2, infiniplex_staircase_split_hallway,
          drop_trap, hangedman_abyss_or_decor_lesser_grid, minmay_crystal_box
D:15:     grunt_enter_depths_snipers, layout_stronghold, minmay_shop_mass,
          chequers_serial_rivers_micro_b, minivault_10
Lair:1:   layout_misc_corridors, ebering_ghost_xom,
          chequers_serial_rivers_micro_c
Lair:2:   layout_roguey, hangedman_lair_generics_rect, grunt_megastairs_2,
          uniq_harold
Lair:3:   layout_gridlike, shoals_dummy_entry, nicolae_spider_entry_non_spiders,
          serial_bayou_shore_b
Lair:4:   layout_cave_pods
Lair:5:   layout_concentric_octagons, dpeg_slime_entry_enclosed_altar
Lair:6:   due_jungle_book, layout_misc_corridors, enter_volcano_2
Shoals:1: cheibrodos_shoals_satyrical_garden, layout_shoals
Orc:1:    layout_caves
Orc:2:    st_orc_pillars, layout_diamond_mine

Skill      XL: |  1  2  3  4  5  6  7  8  9 10 11 12 13 14 15 16 |
---------------+-------------------------------------------------+-----
Axes           | 3 4 5 6 7 9 10 12 13 15 16 18 | 18.4
Fighting       | 4 5 6 7 8 10 11 12 14 16 | 16.1
Shields        | 4 5 6 7 8 9 10 11 | 11.2
Invocations    | 1 2 3 4 6 7 9 10 11 12 13 14 | 14.1
Evocations     | 1 2 3 5 6 7 8 9 10 11 | 11.3
Armour         | 4 5 6 7 8 9 |  9.8
Throwing       | 1 2 3 4 5 6 |  6.1
Stealth        | 1 2 |  2.8
Dodging        | 1 2 |  2.1

Action                   |  1- 3 |  4- 6 |  7- 9 | 10-12 | 13-15 | 16-18 || total
-------------------------+-------+-------+-------+-------+-------+-------++-------
Melee: War axe           |   119 |   183 |   364 |   112 |       |       ||   778
       Broad axe         |       |       |       |   680 |  1126 |   376 ||  2182
       Battleaxe         |       |       |       |       |     4 |       ||     4
       Punch             |       |       |       |       |     2 |       ||     2
       Hand axe          |       |       |       |       |    80 |    19 ||    99
Throw: Dart              |       |    11 |    12 |    21 |       |       ||    44
       Boomerang         |       |       |     8 |    60 |    55 |    37 ||   160
Invok: Heroism           |       |     1 |       |     1 |     8 |     1 ||    11
 Abil: Evoke Flight      |       |       |       |       |       |     9 ||     9
Evoke: Wand              |       |     2 |    10 |    36 |    14 |     3 ||    65
       Lightning rod     |       |       |       |       |       |     3 ||     3
  Use: Scroll            |       |     6 |     2 |    17 |    13 |     3 ||    41
       Potion            |       |     1 |     1 |     9 |     4 |    10 ||    25
 Stab: Invisible         |       |       |       |     3 |       |       ||     3
       Paralysed         |       |       |       |     5 |     5 |       ||    10
       Confused          |       |       |       |     1 |       |       ||     1
       Distracted        |       |       |       |     1 |       |       ||     1
  Eat: Chunk             |     1 |     4 |     5 |    21 |    15 |     5 ||    51
       Ration            |       |       |     2 |     3 |     3 |     1 ||     9
Armor: Scale mail        |    42 |       |       |       |       |       ||    42
       Chain mail        |    31 |   106 |    85 |       |       |       ||   222
       Plate armour      |       |       |    70 |   386 |   431 |   126 ||  1013
Dodge: Dodged            |    32 |    50 |    57 |   114 |   286 |   105 ||   644
       Repelled          |       |       |       |     1 |    19 |     8 ||    28
Block: Kite shield       |    66 |   110 |   145 |   345 |   560 |   196 ||  1422
